 Dungeon Crawl Stone Soup version 0.25.0-46-gbd7b0854d2 (webtiles) character file.

Game seed: 16585660066088323011

111 ANON1729 the Cudgeler (level 4, -15/44 HPs)
             Began as a Troll Gladiator on July 13, 2020.
             Splashed by Pikel's acid (16 damage)
             ... on level 4 of the Dungeon.
             The game lasted 00:02:21 (1556 turns).

ANON1729 the Cudgeler (Troll Gladiator)             Turns: 1556, Time: 00:02:22

Health: -15/44     AC:  6    Str: 23    XL:     4   Next: 62%
Magic:  3/3        EV: 10    Int:  4    God:
Gold:   107        SH:  0    Dex: 11    Spells: 3/3 levels left

rFire    . . .     SeeInvis .   a - +0 flail
rCold    . . .     Gourm    +   (no shield)
rNeg     . . .     Faith    .   b - +0 robe
rPois    .         Spirit   .   c - +0 hat
rElec    .         Reflect  .   (no cloak)
rCorr    .         Harm     .   (gloves unavailable)
MR       .....                  (boots unavailable)
Stlth    +.........             (no amulet)
HPRegen  0.54/turn              p - ring of flight
MPRegen  0.08/turn              (no ring)

@: no status effects
A: large, unfitting armour, claws 3, fast metabolism 3, gourmand, regeneration
1, shaggy fur 1, tough skin 3
a: Evoke Flight


You were on level 4 of the Dungeon.
You were very full.

You visited 1 branch of the dungeon, and saw 4 of its levels.

You collected 107 gold pieces.

Inventory:

Hand Weapons
 a - a +0 flail (weapon)
Missiles
 d - 3 throwing nets (quivered)
Armour
 b - a +0 robe (worn)
 c - a +0 hat (worn)
Jewellery
 p - a ring of flight (left claw)
Scrolls
 i - 2 scrolls of teleportation {unknown}
 j - a scroll of amnesia {unknown}
 l - 2 scrolls of identify {unknown}
 o - a scroll of remove curse {unknown}
 q - a scroll of magic mapping {unknown}
Potions
 e - 2 potions of curing {unknown}
 g - a potion of haste {unknown}
 h - a potion of invisibility {unknown}
 k - a potion of stabbing {unknown}
 m - 3 potions of heal wounds {unknown}
Comestibles
 f - 5 rations
 n - 3 chunks of flesh


   Skills:
 * Level 2.7 Fighting
 * Level 3.7 Maces & Flails
 - Level 2.0 Throwing
 + Level 2.9 Dodging


You had 3 spell levels left.
You didn't know any spells.
Your spell library was empty.

Dungeon Overview and Level Annotations

Branches:
Dungeon (4/15)
 Temple: D:4-7

Altars:

Annotations:
D:4 Pikel


Innate Abilities, Weirdness & Mutations

You are too large for most types of armour.
You have claws for hands.
Your metabolism is lightning-fast.
You like to eat raw meat.
Your natural rate of healing is unusually fast.
You are covered in fur. (AC +1)
You have extremely tough skin. (AC +3)


Message History

No target in view!
Found a stone staircase leading down.
Things that are here:
a cursed -2 dagger; a +0 robe
There is a stone staircase leading down here.
Pikel the Slaver comes into view.
He is wielding a +0 whip of flaming and carrying a wand of acid (8).
Pikel shouts!
You hear a shout!
A slave comes into view.
A worm and a slave come into view.
The slave shouts!
You hear a shout! x2
A slave comes into view. x2
Found a scroll labeled KOHULU JIAVEVUA.
Pikel says, "Why not give up?
You'll get fed.
Maybe."
You see here a scroll labeled POYBREULIE.
q - a scroll labeled POYBREULIE Pikel zaps a wand.
The bolt of acid hits you!
You are splashed with acid!
Pikel zaps a wand.
The bolt of acid hits you!!
* * * LOW HITPOINT WARNING * * *
You are splashed with acid!
You die...

..### ......... .>
............# .##
.........#...## ...#...#
........###...# .......#
.........###..##........##
..........###..#..# ......
..........##.>...###......
..........@...)###........
.....w.......).)..........
..........##..###.......#
.?..p.Kp.......##.<....##
....#.....#........##.##
... #p###.##..####.. # ..
..p ...##.# #... . ...#
.......# #.... ...
.......# ......


You could see Pikel, 4 slaves and a worm.

Vanquished Creatures
  An orc wizard (D:4)
  2 adders (D:3)
  2 worms
  3 dart slugs
  A leopard gecko (D:1)
  6 orcs
  A giant cockroach (D:1)
  8 goblins
  4 hobgoblins
  2 quokkas (D:3)
  3 bats
  2 frilled lizards
  6 kobolds
  6 rats
47 creatures vanquished.

Notes
Turn   | Place    | Note
-------+----------+-------------------------------------------
     0 | D:1      | ANON1729 the Troll Gladiator began the quest for the Orb.
     0 | D:1      | Reached XP level 1. HP: 19/19 MP: 0/0
   104 | D:1      | Reached XP level 2. HP: 28/28 MP: 1/1
   299 | D:1      | Reached skill level 3 in Maces & Flails
   907 | D:3      | Reached XP level 3. HP: 35/35 MP: 2/2
  1477 | D:3      | Reached XP level 4. HP: 42/44 MP: 3/3
  1550 | D:4      | Noticed Pikel
  1550 | D:4      | Noticed a slave
  1551 | D:4      | Noticed a slave
  1551 | D:4      | Noticed a slave
  1551 | D:4      | Noticed a slave
  1556 | D:4      | HP: 1/44 [Pikel/bolt of acid (20)]
  1556 | D:4      | Splashed by Pikel's acid

Illustrated notes

Levels and vault maps discovered:
D:1:      lightli_molten_gateway, layout_basic, minmay_pentomino_t4
D:2:      layout_loops_cross, nicolae_tso_carved_into_rock
D:3:      layout_loops_ring, minmay_tree_intersection, palyth_stone_intersect
D:4:      layout_cave_pools, ashenzari_altar_1, uniq_grinder, uniq_pikel,
          uniq_natasha, uniq_eustachio

Skill      XL: |  1  2 |
---------------+-------+-----
Throwing       | 2 |  2.0
Fighting       | 2 |  2.7
Maces & Flails | 3 |  3.7
Dodging        | |  2.9

Action                   |  1- 3 |  4- 6 || total
-------------------------+-------+-------++-------
Melee: Flail             |   150 |    40 ||   190
 Stab: Sleeping          |     2 |       ||     2
  Eat: Chunk             |    19 |       ||    19
Armor: Robe              |    74 |    12 ||    86
Dodge: Dodged            |    90 |    21 ||   111
